 Dungeon Crawl Stone Soup version 0.29.1-12-g30fa7ad0bf (webtiles) character file.

Game seed: 10193164816024623854

167832 wingedge the Fencer (level 17, -1/219 HPs)
             Began as a Palentonga Berserker on Jan 9, 2023.
             Was a High Priest of Trog.
             Hit by a boomerang thrown by a merfolk (15 damage)
             ... led by a merfolk javelineer
             ... on level 3 of the Shoals.
             The game lasted 01:44:11 (28740 turns).

wingedge the Fencer (Palentonga Berserker)         Turns: 28740, Time: 01:44:11

Health: -1/219     AC: 31    Str: 24    XL:     17   Next: 32%
Magic:  17/17      EV: 14    Int: 12    God:    Trog [*****.]
Gold:   416        SH: 35    Dex: 29    Spells: 16/16 levels left

rFire   + + +      SeeInvis +   a - +10 falchion of Lesoutar {flame, Fly rF++}
rCold   + . .      Faith    .   m - +8 tower shield of Oblivion {Drain rN+ Will++}
rNeg    + + .      Spirit   .   G - +1 ring mail of the Foremost Mouths {rPois rCorr Stlth+}
rPois   +          Reflect  +   W - +2 helmet
rElec   .          Harm     +   q - +2 cloak of Surprise {Harm rF+ Will+ Stlth+}
rCorr   +          Rampage  +   X - +2 pair of gloves {Dex+3}
Will    ++++.                   w - +1 barding
Stlth   ..........              c - amulet "Laane" {Reflect Rampage rN+ Int+4 Dex+4 SH+5}
HPRegen 0.46/turn               h - +6 ring of dexterity
MPRegen 0.15/turn               T - ring of protection from cold

@: berserking, flying, studying Evocations, curled up, very quick
A: large, rugged brown scales 3, see invisible, deformed body, roll 1, armoured
tail, reflexive curl
a: Rolling Charge, Renounce Religion, Berserk, Trog's Hand, Brothers in Arms


You were on level 3 of the Shoals.
You worshipped Trog.
Trog was extremely pleased with you.
You visited 4 branches of the dungeon, and saw 25 of its levels.
You visited the Abyss 1 time.
You visited 1 bazaar.
You also visited: Ice Cave and Volcano.

You collected 2433 gold pieces.
You spent 2017 gold pieces at shops.

Inventory:

Hand Weapons
 a - the +10 falchion of Lesoutar (weapon) {flame, Fly rF++}
   (You found it on level 5 of the Dungeon)

   It burns those it strikes, dealing additional fire damage.
   Big, fiery blades are also staple armaments of hydra-hunters.
   rF:        It greatly protects you from fire.
   Fly:       It grants you flight.
 b - a +3 scimitar of flaming
 u - a +5 antimagic rapier
 U - a +3 long sword of freezing
Missiles
 i - 5 throwing nets
 y - 5 boomerangs of dispersal
Armour
 m - the +8 tower shield of Oblivion (worn) {Drain rN+ Will++}
   (You acquired it on level 2 of the Dungeon)

   rN:        It protects you from negative energy.
   Drain:     It drains your maximum health when unequipped.
   Will:      It greatly increases your willpower.
 q - the +2 cloak of Surprise (worn) {Harm rF+ Will+ Stlth+}
   (You bought it in a shop in a bazaar)

   rF:        It protects you from fire.
   Harm:      It increases damage dealt and taken.
   Will:      It increases your willpower.
   Stlth:     It makes you more stealthy.
 w - a +1 barding (worn)
 G - the +1 ring mail of the Foremost Mouths (worn) {rPois rCorr Stlth+}
   (You bought it in a shop on level 2 of the Orcish Mines)

   rPois:     It protects you from poison.
   rCorr:     It protects you from acid and corrosion.
   Stlth:     It makes you more stealthy.
 I - the quicksilver dragon scales "Opseiw" {+Blink rC++ rN+ Will+ Stlth-}
   (You bought it in a shop on level 2 of the Orcish Mines)

   rC:        It greatly protects you from cold.
   rN:        It protects you from negative energy.
   +Blink:    It lets you blink.
   Will:      It increases your willpower.
   Stlth:     It makes you less stealthy.
 S - the +1 pair of gloves "Koubre" {Harm rElec MP+9 Dex-4}
   (You found it on level 13 of the Dungeon)

   Dex:       It affects your dexterity (-4).
   rElec:     It insulates you from electricity.
   MP:        It affects your magic capacity (+9).
   Harm:      It increases damage dealt and taken.
 W - a +2 helmet (worn)
 X - a +2 pair of gloves of dexterity (worn)
Jewellery
 c - the amulet "Laane" (around neck) {Reflect Rampage rN+ Int+4 Dex+4 SH+5}
   (You acquired it on level 1 of the Dungeon)

   [amulet of reflection]

   It reflects blocked missile attacks.
   Int:       It affects your intelligence (+4).
   Dex:       It affects your dexterity (+4).
   rN:        It protects you from negative energy.
   SH:        It affects your SH (+5).
   Rampage:   It bestows one free step when moving towards enemies.
 h - a +6 ring of dexterity (left hand)
 A - a +6 ring of strength
 B - a ring of positive energy
 D - a ring of resist corrosion
 O - the amulet "Micvic" {Acrobat -Tele Fly rPois Dex+6}
   (You found it in a volcano)

   [amulet of the acrobat]

   It increases your evasion while moving and waiting.
   Dex:       It affects your dexterity (+6).
   rPois:     It protects you from poison.
   Fly:       It grants you flight.
   -Tele:     It prevents most forms of teleportation.
 R - a ring of willpower
 T - a ring of protection from cold (right hand)
Wands
 d - a wand of digging (10)
 n - a wand of flame (7)
 p - a wand of polymorph (8)
 t - a wand of charming (21)
 x - a wand of roots (13)
 z - a wand of quicksilver (15)
 Q - a wand of mindburst (24)
Scrolls
 f - 17 scrolls of teleportation
 o - 5 scrolls of immolation
 r - 5 scrolls of poison
 E - 10 scrolls of identify
 H - 3 scrolls of enchant weapon
 J - a scroll of brand weapon
 K - 3 scrolls of silence
 M - 5 scrolls of fog
Potions
 e - 5 potions of haste
 g - 7 potions of attraction
 j - 4 potions of ambrosia
 k - 4 potions of magic
 l - 3 potions of resistance
 s - 8 potions of might
 v - 5 potions of curing
 L - 3 potions of berserk rage
 N - 6 potions of mutation
 V - 2 potions of invisibility
 Y - 3 potions of flight
Miscellaneous
 P - a phantom mirror


   Skills:
 + Level 13.5 Fighting
 + Level 17.7 Long Blades
 - Level 3.3(5.6) Axes
 - Level 7.0(7.4) Maces & Flails
 - Level 7.0 Armour
 + Level 9.5 Dodging
 + Level 13.1 Shields
 + Level 11.1 Evocations


You had 16 spell levels left.
You didn't know any spells.
Your spell library was empty.

Dungeon Overview and Level Annotations

Branches:
Dungeon (15/15)            Temple (0/1) D:4            Lair (5/5) D:8
 Shoals (3/4) Lair:2       Spider (0/4) Lair:2        Slime (0/5) Lair:4
    Orc (2/2) D:12            Elf (0/3) Orc:2        Vaults (0/5) D:14
 Depths (0/4) D:15          IceCv (visited)         Volcano (visited)

Altars:
Sif Muna
Trog
Xom
Jiyva

Shops:
D:13 :(   D:15 !   Orc:1 :   Orc:2 (*:[   Shoals:2 :

Annotations:
Lair:5 3 runed translucent doors, venomsnake's ghost, journeyman MiBe
Shoals:3 Ilsuiw


Innate Abilities, Weirdness & Mutations

You are completely covered in rugged brown scales. (AC +3, +7% HP)
You have supernaturally acute eyesight. (SInv)
Armour fits poorly on your strangely shaped body.
You can roll at nearby foes to attack.
You have a long armoured tail.
You curl defensively after being hit. (AC +7*)


Message History

You feel better. You block the merfolk's attack.
You block the merfolk impaler's attack.
The merfolk hits you from afar with a +0 trident.
* * * LOW HITPOINT WARNING * * *
The dream sheep shake their wool and sparkle.
You feel drowsy...
You fall asleep.
The merfolk impaler hits you but does no damage.
The merfolk hits you but does no damage.
The merfolk hits you from afar with a +0 trident!!
You wake up.
* * * LOW HITPOINT WARNING * * *
The merfolk closely misses you. You block the merfolk impaler's attack.
Unknown command.
Okay, then.
Okay, then.
Okay, then.
Okay, then.
A red film seems to cover your vision as you go berserk!
You feel yourself moving faster!
You feel mighty!
The dream sheep bleats!
You block the merfolk impaler's attack. You block the merfolk's attack.
The merfolk misses you. You block the merfolk's attack.
You block the merfolk impaler's attack.
You barely miss the merfolk impaler.
The merfolk impaler is moderately wounded.
You block the merfolk's attack. You block the merfolk impaler's attack.
You block the merfolk's attack. The merfolk barely misses you.
You slice the merfolk!! You burn the merfolk!
Your tail-slap misses the merfolk.
The merfolk is almost dead.
You slash the merfolk! You burn the merfolk.
You kill the merfolk!
Trog accepts your kill. The merfolk impaler barely misses you.
You slice the dream sheep!! You burn the dream sheep.
You feel the power of Trog in you as your rage grows.
You kill the dream sheep!
Trog accepts your kill.
The merfolk throws a boomerang.
The boomerang hits you!
You die...

~~. #.....$...~~~~~~~~~~~Y~....~~
.).##..~.|# #.~~≈≈≈~~~~~~~~~..~~~
>~......~.###..~≈≈≈~~...Y....~~~~
~~~....~...#..~~≈≈≈.Y##.~.##..~~~
~..(~~~.......~~≈≈~.###.÷## .~~~~
#<~~~~....~~~~~≈~Y.#...C....~~~
~~..~~.~~....~~~.m......~~....~..
~~~.~~~~~.......)~..Y..~~~...≈≈.
~~~~~~~~~.......@.~~~...~~~.~≈≈≈
~~~~~~~~~......m..m~~...~~..~≈≈≈
≈~~~~~~~~........~~~~..~~~~~~≈≈~
≈≈≈≈≈≈≈~~~...#..~~~~~~~~~~~~~~..
≈≈≈≈≈≈≈~~........~~~~~~~~~
≈≈≈≈~~..~....~~~≈≈≈≈≈≈
≈≈≈≈~~~~~~~~~~~~≈≈≈≈≈≈
≈≈≈≈≈~~~~~~~~~~≈≈≈≈≈≈≈
≈≈≈≈≈≈≈≈≈≈≈≈≈≈≈≈≈≈≈≈≈


You could see a merfolk impaler, 2 merfolk and 3 dream sheep.

Vanquished Creatures
  Mlioglotl (Shoals:2)
  A kraken (Shoals:1)
  Polyphemus (Shoals:2)
  Louise (D:14)
  2 reapers (IceCv)
  A very ugly thing (IceCv)
  Nessos (D:14)
  3 merfolk impalers
  Snorg (Lair:5)
  2 merfolk javelineers
  2 vault guards (D:14)
  A fire dragon (Lair:5)
  A boulder beetle (Lair:2)
  A merfolk avatar (Shoals:1)
  4 caustic shrike simulacra (IceCv)
  A rakshasa (D:13)
  15 hydras
  16 two-headed ogres
  4 ogre magi (Orc:2)
  2 catoblepae
  2 merfolk aquamancers (Shoals:1)
  3 centaur warriors
  13 death yaks
  A tengu warrior (D:15)
  A hell knight (Volcano)
  Sonja (Orc:1)
  A salamander mystic (Volcano)
  8 sea snakes
  2 spriggan simulacra (IceCv)
  2 bog bodies (IceCv)
  4 necromancers
  A swamp dragon (D:15)
  2 orc knights
  A lindwurm (Lair:5)
  9 deep elf pyromancers
  9 harpies
  2 obsidian statues (IceCv)
  2 orc sorcerers
  7 manticores
  18 ugly things
  19 cyclopes
  9 fauns
  16 elephants
  2 moths of wrath (Lair:3)
  3 salamanders (Volcano)
  A naga mage (D:15)
  13 black mambas
  3 molten gargoyles
  6 water nymphs
  A smoke demon (Abyss:1)
  2 centaur skeletons (D:15)
  7 gargoyles
  2 kobold demonologists
  3 rime drakes
  11 cane toads
  7 komodo dragons
  4 freezing wraiths (IceCv)
  An unseen horror (D:11)
  An anaconda simulacrum (IceCv)
  5 golden dragon simulacra (IceCv)
  3 efreet
  A tengu conjurer (D:15)
  An ice devil (IceCv)
  16 merfolk
  2 wind drakes (Shoals:2)
  8 trolls
  A polar bear (Lair:1)
  13 blink frogs
  3 hornets
  The ghost of hawla the Firebug, an amateur MeFE (D:4)
  7 slime creatures
  7 snapping turtles
  8 dream sheep
  Sigmund (D:2)
  7 jumping spiders (Lair:2)
  2 culicivoras (Lair:2)
  2 shadows
  5 spriggans (Lair:3)
  40 yaks
  2 vampires (D:12)
  9 water elementals
  2 wraiths
  5 wyverns
  20 humans (D:14)
  11 basilisks
  5 vampire mosquitoes
  2 steam dragons
  2 redbacks (Lair:2)
  4 acid dragons
  3 wargs
  12 water moccasins
  4 hell hounds (Lair:5)
  11 orc warriors
  A hydra simulacrum (IceCv)
  An ice beast (D:8)
  A swamp drake (D:15)
  4 sky beasts
  A hornet zombie (D:15)
  6 black bears
  24 ogres
  8 wolves (Lair:5)
  18 centaurs
  7 kobold brigands
  6 bullfrogs
  2 necrophages (D:4)
  A scorpion (D:7)
  5 wights (D:7)
  13 killer bees
  5 howler monkeys
  A lindwurm simulacrum (IceCv)
  2 vampire bats (Orc:2)
  5 lava snakes (Lair:5)
  A hound (D:4)
  2 jellies (Lair:4)
  11 orc priests
  Jessica (D:2)
  12 orc wizards
  Robin (D:3)
  11 gnolls
  8 adders
  2 white imps
  2 ufetubi
  4 worms
  A dart slug (D:2)
  The ghost of Ghostmaker01 the Grave Robber, a weakling FoNe (D:15)
  46 orcs
  8 bats
  10 endoplasms
  5 giant cockroaches
  15 goblins
  8 hobgoblins
  6 quokkas
  8 ball pythons
  2 frilled lizards
  15 kobolds
  7 rats
  3 tentacles (Shoals:1)
787 creatures vanquished.

Vanquished Creatures (collateral kills)
  Jorgrun (D:15)
  The ghost of FakeRyeBread the Cleaver, a journeyman MiFi of Okawaru (D:12)
  A merfolk impaler (Shoals:1)
  The ghost of styxcanada the Unseen, a journeyman SpBr of Dithmenos (Lair:3)
  A sea snake (Shoals:1)
  3 harpies (Shoals:1)
  An orc knight (Orc:1)
  A faun (Shoals:1)
  A manticore (Shoals:1)
  A merfolk siren (Shoals:1)
  3 kobold demonologists (D:12)
  A troll (Orc:1)
  6 merfolk
  A spriggan (Lair:3)
  A water elemental (Shoals:1)
  4 orc warriors (Orc:1)
  2 ogres (Orc:1)
  An orc priest (Orc:1)
  3 orcs (Orc:1)
34 creatures vanquished.

Vanquished Creatures (others)
  A polar bear (Lair:4)
  2 yaks (Lair:4)
  An orc (D:6)
  A bush (Lair:2)
  14 fungi
  112 plants
  3 tentacles (Shoals:1)
  A withered plant (D:1)
135 creatures vanquished.

Grand Total: 956 creatures vanquished

Notes
Turn   | Place    | Note
-------+----------+-------------------------------------------
     0 | D:1      | wingedge the Palentonga Berserker began the quest for the
                  | Orb.
     0 | D:1      | Reached XP level 1. HP: 19/19 MP: 1/1
   257 | D:1      | Reached XP level 2. HP: 13/25 MP: 2/2
   789 | D:1      | Found a faded altar of an unknown god.
  1114 | D:2      | Reached XP level 3. HP: 32/32 MP: 3/3
  1122 | D:2      | Reached ** piety under Trog
  1132 | D:2      | Reached XP level 4. HP: 6/39 MP: 4/4
  1588 | D:2      | Noticed Sigmund
  1591 | D:2      | Identified 2 scrolls of acquirement
  1591 | D:2      | Acquired the +8 tower shield of Oblivion {Drain rN+ Will++}
  1607 | D:1      | Acquired the amulet "Laane" {Reflect Rampage rN+ Int+4
                  | Dex+4 SH+5}
  1626 | D:2      | Killed Sigmund
  1627 | D:2      | Reached skill level 5 in Fighting
  1627 | D:2      | Reached skill level 1 in Shields
  1627 | D:2      | Reached XP level 5. HP: 47/47 MP: 5/5
  1627 | D:2      | Reached XP level 6. HP: 54/54 MP: 6/6
  1633 | D:2      | Noticed Jessica
  1638 | D:2      | Killed Jessica
  2016 | D:2      | Identified the +1 ring mail "Bosanu" {Contam Harm Str-2
                  | Int+8}
  2020 | D:2      | Found a shimmering altar of Xom.
  2145 | D:3      | Noticed Robin
  2184 | D:3      | Killed Robin
  3078 | D:4      | Gained mutation: You curl defensively after being hit. (AC
                  | +7*) [Palentonga growth]
  3078 | D:4      | Reached XP level 7. HP: 46/59 MP: 7/7
  3225 | D:4      | Found a staircase to the Ecumenical Temple.
  3233 | D:4      | Reached skill level 5 in Maces & Flails
  3482 | D:4      | Found a transporter.
  3482 | D:4      | Noticed hawla's ghost (amateur MeFE)
  3520 | D:4      | Found a transporter.
  3576 | D:4      | Killed hawla's ghost
  3857 | D:4      | Reached *** piety under Trog
  3979 | D:5      | Entered Level 5 of the Dungeon
  4334 | D:5      | Reached XP level 8. HP: 64/66 MP: 8/8
  4637 | D:5      | Identified the +10 falchion of Lesoutar {flame, Fly rF++}
  4770 | D:6      | Reached skill level 2 in Long Blades
  4781 | D:6      | Reached skill level 3 in Long Blades
  4783 | D:6      | Reached skill level 4 in Long Blades
  4884 | D:6      | Reached skill level 5 in Long Blades
  4893 | D:6      | Reached skill level 6 in Long Blades
  5240 | D:6      | Reached skill level 7 in Long Blades
  5240 | D:6      | Reached XP level 9. HP: 72/72 MP: 9/9
  5365 | D:7      | Reached skill level 8 in Long Blades
  5890 | D:7      | Reached skill level 9 in Long Blades
  6963 | D:8      | Reached skill level 10 in Long Blades
  7083 | D:8      | Found a staircase to the Lair.
  7094 | D:8      | Reached XP level 10. HP: 72/82 MP: 10/10
  7094 | D:8      | Reached **** piety under Trog
  7348 | D:8      | Found a bloodstained altar of Trog.
  8139 | D:9      | Reached skill level 11 in Long Blades
  8502 | D:10     | Entered Level 10 of the Dungeon
  8526 | D:10     | Reached skill level 5 in Shields
  8650 | D:10     | Noticed a two-headed ogre
  8658 | D:10     | Killed a two-headed ogre
  8659 | D:10     | Reached skill level 12 in Long Blades
  8710 | D:10     | Noticed a gargoyle
  8711 | D:10     | Killed a gargoyle
  8712 | D:10     | Reached XP level 11. HP: 89/89 MP: 11/11
  9035 | Lair:1   | Entered Level 1 of the Lair of Beasts
  9155 | Lair:1   | Noticed a six-headed hydra
  9165 | Lair:1   | Killed a one-headed hydra
  9246 | Lair:1   | Noticed an eight-headed hydra
  9254 | Lair:1   | Killed a four-headed hydra
  9793 | Lair:1   | Reached skill level 13 in Long Blades
 10086 | Lair:2   | Reached skill level 1 in Evocations
 10230 | Lair:2   | Noticed a boulder beetle
 10243 | Lair:2   | Killed a boulder beetle
 10366 | Lair:2   | Noticed an eight-headed hydra
 10402 | Lair:2   | Killed a six-headed hydra
 10405 | Lair:2   | Reached XP level 12. HP: 72/98 MP: 12/12
 10970 | Lair:2   | Found a hole to the Spider Nest.
 11090 | Lair:2   | Found a staircase to the Shoals.
 11491 | Lair:3   | Noticed a death yak
 11491 | Lair:3   | Noticed a death yak
 11491 | Lair:3   | Noticed a death yak
 11506 | Lair:3   | Noticed a death yak
 11508 | Lair:3   | Noticed a death yak
 11509 | Lair:3   | Noticed a death yak
 11520 | Lair:3   | Killed a death yak
 11522 | Lair:3   | Killed a death yak
 11530 | Lair:3   | Killed a death yak
 11542 | Lair:3   | Killed a death yak
 11554 | Lair:3   | Killed a death yak
 11564 | Lair:3   | Killed a death yak
 11660 | Lair:3   | Noticed a five-headed hydra
 11664 | Lair:3   | Killed a two-headed hydra
 11890 | Lair:3   | Noticed a five-headed hydra
 11913 | Lair:3   | Killed a one-headed hydra
 11919 | Lair:3   | Reached skill level 5 in Dodging
 12092 | Lair:3   | Reached skill level 14 in Long Blades
 12096 | Lair:3   | Reached XP level 13. HP: 96/107 MP: 13/13
 12195 | Lair:3   | Reached ***** piety under Trog
 12201 | Lair:3   | Reached skill level 5 in Armour
 12365 | Lair:3   | Found a transporter.
 12370 | Lair:3   | Found a transporter.
 12370 | Lair:3   | Found a bloodstained altar of Trog.
 12370 | Lair:3   | Noticed styxcanada's ghost (journeyman SpBr)
 12397 | Lair:3   | Reached skill level 5 in Evocations
 12510 | Lair:3   | Killed styxcanada's ghost
 13298 | Lair:4   | You are sucked into a shaft and drop 1 floor!
 13298 | Lair:5   | Entered Level 5 of the Lair of Beasts
 13429 | Lair:5   | Found a dark tunnel.
 13435 | Lair:5   | Reached skill level 10 in Fighting
 13444 | Volcano  | Entered a volcano
 13579 | Volcano  | Noticed an orb of fire
 13654 | Volcano  | Noticed an orb of fire
 13665 | Volcano  | Reached skill level 10 in Shields
 13691 | Volcano  | Reached skill level 15 in Long Blades
 14208 | Volcano  | Identified the amulet "Micvic" {Acrobat -Tele Fly rPois
                  | Dex+6}
 14694 | Lair:4   | Found a staircase to the Slime Pits.
 14760 | Lair:4   | Reached XP level 14. HP: 117/117 MP: 14/14
 15065 | Lair:4   | Found a shimmering blue altar of Sif Muna.
 15785 | Lair:5   | Found a runed translucent gate.
 15785 | Lair:5   | Noticed an acid blob
 15786 | Lair:5   | Found a runed translucent gate.
 15786 | Lair:5   | Noticed an azure jelly
 15787 | Lair:5   | Found a runed translucent gate.
 15787 | Lair:5   | Noticed an azure jelly
 15787 | Lair:5   | Noticed an azure jelly
 15787 | Lair:5   | Noticed an acid blob
 15787 | Lair:5   | Noticed venomsnake's ghost (journeyman MiBe)
 15787 | Lair:5   | Noticed an acid blob
 15788 | Lair:5   | Noticed an acid blob
 15788 | Lair:5   | Noticed an azure jelly
 15789 | Lair:5   | Noticed an acid blob
 15825 | Lair:5   | Noticed an acid blob
 15847 | Lair:5   | Noticed an azure jelly
 15848 | Lair:5   | Noticed an azure jelly
 15851 | Lair:5   | Found a viscous altar of Jiyva.
 16015 | Lair:5   | Noticed Snorg
 16046 | Lair:5   | Killed Snorg
 16887 | Lair:5   | Found a large runed translucent door.
 16887 | Lair:5   | Found a large runed translucent door.
 18225 | D:12     | Found a runed translucent gate.
 18226 | D:12     | Found a runed translucent gate.
 18226 | D:12     | Noticed FakeRyeBread's ghost (journeyman MiFi)
 18227 | D:12     | Found a runed translucent gate.
 18239 | D:12     | Killed FakeRyeBread's ghost
 18249 | Abyss:1  | Found a corrupted altar of Lugonu.
 18249 | Abyss:1  | Cast into level 1 of the Abyss (kobold brigand)
 18295 | Abyss:1  | Found a runed translucent door.
 18310 | Abyss:1  | Found a runed translucent door.
 18310 | Abyss:1  | Found a runed translucent door.
 18339 | D:12     | Escaped the Abyss
 18631 | D:12     | Found a staircase to the Orcish Mines.
 19182 | D:13     | Found Tyellem's Weapon Boutique.
 19311 | D:13     | Found Acoyrch's Book Shop.
 19328 | D:13     | Identified the +1 pair of gloves "Koubre" {Harm rElec MP+9
                  | Dex-4}
 19361 | D:13     | Found a flickering gateway to a bazaar.
 19468 | Bazaar   | Entered a bazaar
 19468 | Bazaar   | Found Waewat's Magic Scroll Boutique.
 19472 | Bazaar   | Found Vyati's Antique Armour Boutique.
 19494 | Bazaar   | Found Zeetwafu's Weapon Shoppe.
 19499 | Bazaar   | Found Raoraera's Antique Armour Emporium.
 19515 | Bazaar   | Found Mixkev's Armour Shoppe.
 19526 | Bazaar   | Bought a +2 helmet for 148 gold pieces
 19526 | Bazaar   | Bought the +2 cloak of Surprise {Harm rF+ Will+ Stlth+} for
                  | 332 gold pieces
 19601 | Bazaar   | Bought a scroll of blinking for 90 gold pieces
 19602 | Bazaar   | Bought a scroll of identify for 24 gold pieces
 19602 | Bazaar   | Bought a scroll of identify for 24 gold pieces
 19602 | Bazaar   | Bought a scroll of identify for 24 gold pieces
 19602 | Bazaar   | Bought a scroll of identify for 24 gold pieces
 19912 | D:13     | Reached skill level 16 in Long Blades
 20270 | Orc:1    | Entered Level 1 of the Orcish Mines
 20274 | Orc:1    | Reached XP level 15. HP: 126/126 MP: 15/15
 20284 | Orc:1    | Received a gift from Trog
 20491 | Orc:1    | Found Zanust's Book Emporium.
 20493 | Orc:1    | Noticed Sonja
 20494 | Orc:1    | Killed Sonja
 20645 | Orc:2    | Entered Level 2 of the Orcish Mines
 20647 | Orc:2    | Found a staircase to the Elven Halls.
 21005 | Orc:2    | Found Soyf's Assorted Antiques.
 21005 | Orc:2    | Found Edo Pug's Armour Emporium.
 21005 | Orc:2    | Found Faittuana's Weapon Shoppe.
 21005 | Orc:2    | Found Gunefy's Book Boutique.
 21179 | Orc:2    | Received a gift from Trog
 21383 | Orc:2    | Bought the quicksilver dragon scales "Opseiw" {+Blink rC++
                  | rN+ Will+ Stlth-} for 1037 gold pieces
 21836 | D:14     | Noticed Louise
 21920 | D:14     | Killed Louise
 22042 | D:14     | Noticed Nessos
 22044 | D:14     | Killed Nessos
 22334 | D:14     | Reached ****** piety under Trog
 22372 | D:14     | Found a gate to the Vaults.
 22719 | D:15     | Entered Level 15 of the Dungeon
 22719 | D:15     | Noticed Jorgrun
 22727 | D:15     | Killed Jorgrun
 23374 | D:15     | Noticed Ghostmaker01's ghost (weakling FoNe)
 23390 | D:15     | Received a gift from Trog
 23402 | D:15     | Found a runed translucent door.
 23420 | D:15     | Reached XP level 16. HP: 122/135 MP: 16/16
 23561 | Orc:2    | Bought the +1 ring mail of the Foremost Mouths {rPois rCorr
                  | Stlth+} for 314 gold pieces
 23962 | D:15     | Identified the +3 chain mail of Memiol {Rampage Dex+3}
 23999 | D:15     | Found Zithrum's Distillery.
 24058 | D:15     | Found a staircase to the Depths.
 24327 | D:15     | Killed Ghostmaker01's ghost
 24624 | Shoals:1 | Entered Level 1 of the Shoals
 24931 | Shoals:1 | Reached skill level 17 in Long Blades
 25554 | Shoals:1 | Noticed a kraken
 25577 | Shoals:1 | Killed a kraken
 26155 | Shoals:2 | Identified the +7 lajatang of the Beast {flame, rElec
                  | Stlth+} (Trog gifted it to you on level 2 of the Shoals)
 26155 | Shoals:2 | Received a gift from Trog
 26327 | Shoals:2 | Found a frozen archway.
 26352 | IceCv    | Entered an ice cave
 26361 | IceCv    | Reached skill level 10 in Evocations
 26879 | Shoals:2 | Acquired a manual of Evocations
 26949 | Shoals:2 | Noticed Mlioglotl
 26951 | Shoals:2 | Noticed a tentacled starspawn
 26957 | Shoals:2 | Killed Mlioglotl
 26958 | Shoals:2 | Reached XP level 17. HP: 145/145 MP: 17/17
 27200 | Shoals:2 | Noticed Polyphemus
 27224 | Shoals:2 | Killed Polyphemus
 27360 | Shoals:2 | Found Qadyo's Self-Improvement Boutique.
 28429 | Shoals:3 | Noticed Ilsuiw
 28740 | Shoals:3 | Hit by a boomerang thrown by a merfolk

Illustrated notes

Levels and vault maps discovered:
D:1:      pf_arrival_petrified_forest, layout_loops_ring,
          ebering_ecumenical_altar_petrified, minmay_tromino_v2
D:2:      minmay_inner_zag, layout_basic, basic_altar, uniq_jessica,
          uniq_sigmund
D:3:      layout_basic, corexii_leaking_fountain, grunt_ministairs_12,
          ebering_dispersal_statue_hall, uniq_robin
D:4:      layout_gridville, minmay_temple_entry_proselytizer,
          gammafunk_ghost_arena, minmay_misc_feat_chi
D:5:      layout_cave_pools
D:6:      layout_rooms, minmay_holes, grunt_ministairs_4, grunt_decor_fettered,
          corexii_checkpoint_a, fountainhead
D:7:      layout_layer_cave
D:8:      layout_basic, lightli_temple_of_fire, erik_lair_orcish_takeover,
          hangedman_decor_diamond_cutter
D:9:      layout_grid_maze
D:10:     layout_gridville
D:11:     layout_cave_pods
D:12:     layout_gridville, orc_0_dummy, gammafunk_ghost_nasty_kobolds
D:13:     layout_basic, serial_shops, bzr_entry_customers, kennysheep_mini, shop
D:14:     layout_rooms, grunt_vaults_entry_tiered, uniq_louise, uniq_nessos
D:15:     grunt_enter_depths_magical_seal, layout_long_grid,
          hellmonk_ghost_happy_afterlife, serial_shops, shop,
          reono_crystal_passage, pond, uniq_jorgrun
Lair:1:   layout_chaotic_city
Lair:2:   layout_gridlike, minmay_shoals_entry_hut,
          nicolae_spider_entry_tight_spaces, minivault_24, grunt_megastairs_3
Lair:3:   layout_roguey, gammafunk_ghost_wrathful_warriors,
          serial_bayou_shore_a, grunt_megastairs_5
Lair:4:   layout_cave_pods, nicolae_slime_entry_slimehenge, lemuel_centaur_altar
Lair:5:   cheibrodos_lair_end_hotspot, layout_hall_layers, gammafunk_ghost_ooze,
          lightli_volcano_entry_magma_tube, serial_bayou_shore_b, uniq_snorg
Shoals:1: layout_shoals, nicolae_shoals_square_sea_wall,
          nicolae_shoals_shepherds
Shoals:2: layout_shoals, portal_ice_cave_entry_pillars_1,
          nicolae_shop_self_help, uniq_mlioglotl, uniq_polyphemus
Shoals:3: layout_shoals, st_cyclops, uniq_ilsuiw
Orc:1:    layout_caves, serial_shops, nicolae_shop_crystal, uniq_sonja
Orc:2:    st_orc_ogre_mass, layout_caves, roderic_batcave

Skill      XL: |  1  2  3  4  5  6  7  8  9 10 11 12 13 14 15 16 17 |
---------------+----------------------------------------------------+-----
Dodging        | 2 3 5 6 7 9 |  9.5
Armour         | 2 3 4 5 6 7 |  7.0
Fighting       | 4 5 6 7 8 10 11 12 13 | 13.5
Maces & Flails | 2 4 7 |  7.0
Shields        | 2 3 6 7 8 10 11 12 13 | 13.1
Long Blades    | 7 10 12 13 14 15 16 17 | 17.7
Evocations     | 2 4 6 7 9 10 11 | 11.1
Axes           | |  3.3

Action                   |  1- 3 |  4- 6 |  7- 9 | 10-12 | 13-15 | 16-18 || total
-------------------------+-------+-------+-------+-------+-------+-------++-------
Melee: Hand axe          |    66 |       |       |       |       |       ||    66
       Punch             |     1 |       |       |       |       |       ||     1
       Tailslap          |     4 |     9 |    19 |    96 |   236 |   110 ||   474
       Flail             |     4 |   129 |    79 |       |       |       ||   212
       Falchion          |       |       |   129 |   465 |  1142 |   533 ||  2269
       Scimitar          |       |       |       |       |       |    10 ||    10
Throw: Boomerang         |       |       |       |     3 |       |       ||     3
       Dart              |       |       |       |     3 |       |       ||     3
Invok: Berserk           |     1 |     3 |     3 |     5 |     7 |     7 ||    26
       Trog's Hand       |     1 |     2 |     2 |     2 |     4 |     5 ||    16
       Brothers in Arms  |       |       |       |       |     6 |     5 ||    11
 Abil: Rolling Charge    |    17 |    25 |    44 |    39 |   154 |    99 ||   378
Evoke: Phantom mirror    |       |       |       |       |       |     2 ||     2
       Wand              |       |       |       |       |       |     1 ||     1
  Use: Scroll            |       |     7 |     7 |     5 |    14 |     6 ||    39
       Potion            |       |     2 |       |     1 |     1 |     6 ||    10
 Stab: Sleeping          |       |     3 |       |       |       |     1 ||     4
       Petrified         |       |       |       |       |       |    11 ||    11
       Petrifying        |       |       |       |       |       |     2 ||     2
Armor: Animal skin       |    24 |     6 |       |       |       |       ||    30
       Robe              |       |    40 |    64 |       |       |       ||   104
       Ring mail         |       |       |    10 |    77 |   134 |    89 ||   310
       Acid dragon scale |       |       |     2 |       |       |       ||     2
       Quicksilver drago |       |       |       |       |    25 |    40 ||    65
Dodge: Dodged            |    34 |    34 |    38 |    56 |   159 |   113 ||   434
Block: Tower shield      |       |   200 |   282 |   549 |  1173 |   708 ||  2912
       Reflection        |       |     3 |    13 |     2 |    45 |    74 ||   137
